 Dungeon Crawl Stone Soup version 0.31-a0-662-g684573625c (webtiles) character file.

Game seed: 4752417638220186477

308 sampeng1 the Chopper (level 6, 0/53 HPs)
             Began as a Gnoll Cinder Acolyte on Sept 1, 2023.
             Was a High Priest of Ignis.
             Slain by a water moccasin (5 damage)
             ... on level 5 of the Dungeon.
             The game lasted 00:08:38 (3351 turns).

sampeng1 the Chopper (Gnoll Cinder Acolyte)         Turns: 3351, Time: 00:08:39

Health: 0/53       AC:  6    Str: 13    XL:     6   Next: 40%
Magic:  11/11      EV: 12    Int: 15    God:    Ignis [*****.]
Gold:   152        SH:  0    Dex: 14    Spells: 11/11 levels left

rFire   + . .        m - +1 short sword (flame)
rCold   . . .        (no shield)
rNeg    . . .        b - +0 robe
rPois   .            t - +0 helmet
rElec   .            u - +0 cloak
rCorr   .            (no gloves)
SInv    .            q - +1 pair of boots
Will    .....        (no amulet)
Stlth   ++           k - +6 ring of dexterity
HPRegen 0.28/turn    (no ring)
MPRegen 0.12/turn

%: no passive effects
@: lethally poisoned (0 -> -8)
A: fangs 1, strong nose, distributed training
a: Renounce Religion, Fiery Armour, Foxfire Swarm, Rising Flame


You were on level 5 of the Dungeon.
You worshipped Ignis.
Ignis was extremely pleased with you.
You visited 1 branch of the dungeon, and saw 5 of its levels.

You collected 152 gold pieces.

Inventory:

Hand Weapons
 a - a -1 hand axe of flaming
 c - a +0 rapier
 m - a +1 short sword of flaming (weapon)
Missiles
 e - 10 poisoned darts (quivered)
 v - a throwing net
Armour
 b - a +0 robe (worn)
 q - a +1 pair of boots (worn)
 t - a +0 helmet (worn)
 u - a +0 cloak (worn)
Jewellery
 k - a +6 ring of dexterity (left hand)
Scrolls
 g - a scroll of noise
 j - 3 scrolls of teleportation
 s - a scroll of enchant weapon {unknown}
Potions
 d - 2 potions of invisibility {unknown}
 f - a potion of cancellation
 h - a potion of ambrosia
 i - a potion of resistance
 l - a potion of enlightenment
 n - a potion of heal wounds {unknown}
 o - a potion of might {unknown}
 p - a potion of curing
 r - a potion of lignification {unknown}


   Skills:
 + Level 6.8 Fighting
 + Level 2.0 Short Blades
 + Level 2.0 Long Blades
 + Level 6.8 Axes
 + Level 2.0 Maces & Flails
 + Level 2.0 Polearms
 + Level 2.0 Staves
 + Level 2.0 Ranged Weapons
 + Level 2.0 Throwing
 + Level 2.0 Armour
 + Level 2.0 Dodging
 + Level 2.0 Stealth
 + Level 2.0 Shields
 + Level 2.0 Unarmed Combat
 + Level 3.4 Spellcasting
 + Level 1.5 Conjurations
 + Level 1.5 Hexes
 + Level 1.5 Summonings
 + Level 1.5 Necromancy
 + Level 1.5 Translocations
 + Level 1.5 Transmutations
 + Level 5.6 Fire Magic
 + Level 1.5 Ice Magic
 + Level 1.5 Air Magic
 + Level 1.5 Earth Magic
 + Level 1.5 Poison Magic
 + Level 2.2 Invocations
 + Level 2.0 Evocations
 + Level 1.8 Shapeshifting


You had 11 spell levels left.
You didn't know any spells.
Your spell library contained the following spells:

 Spells                   Type           Power      Damage    Failure   Level
 Scorch                   Fire           38%        2d6       2%          2


Dungeon Overview and Level Annotations

Branches:
Dungeon (5/15)
 Temple: D:4-7

Altars:


Innate Abilities, Weirdness & Mutations

You have very sharp teeth.
Your uncanny sense of smell can sniff out nearby items.
Your experience applies equally to all skills.


Message History

You hit the centaur but do no damage.
The centaur is lightly wounded.
The centaur hits you but does no damage.
The centaur misses you.
The water moccasin bites you but does no damage.
The centaur barely misses you. The centaur closely misses you.
You hit the centaur. You burn the centaur.
You bite the centaur, but do no damage.
The centaur is moderately wounded.
The water moccasin bites you. The centaur barely misses you. x2
The water moccasin bites you.
You barely miss the centaur.
The centaur is moderately wounded.
The centaur hits you but does no damage.
The centaur completely misses you. The water moccasin bites you.
You are poisoned.
The water moccasin poisons you!
You hit the centaur but do no damage. You bite the centaur.
The centaur is moderately wounded.
You feel very sick. The centaur hits you. The centaur closely misses you.
The centaur unwields a +0 orcbow.
The centaur hits you. The centaur kicks you. The water moccasin bites you.
The centaur hits you but does no damage.
The centaur kicks you.
You barely miss the centaur.
The centaur is moderately wounded.
You feel very sick. The centaur hits you.
* * * LOW HITPOINT WARNING * * *
The centaur kicks you but does no damage.
The water moccasin bites you.
* * * LOW HITPOINT WARNING * * *
The centaur misses you. The centaur closely misses you. x2
The centaur barely misses you.
You hit the centaur. You burn the centaur.
The centaur is heavily wounded.
* * * LOW HITPOINT WARNING * * *
You feel sick. The water moccasin bites you.
You die...

###########
#.........#
#.........#
#......@c.#
#......Sc.#
#............
#.........####
#....<....#
#.........#
#.........#
#####.#####


You could see a water moccasin and 2 centaurs.

Vanquished Creatures
  An orc priest (D:4)
  A jelly (D:4)
  2 iguanas (D:4)
  Natasha (thrice) (D:4)
  3 gnolls (D:4)
  2 adders
  A dart slug (D:1)
  4 orcs (D:4)
  7 bats
  9 endoplasms
  2 giant cockroaches
  5 goblins
  A hobgoblin (D:1)
  2 jackals (D:1)
  5 quokkas
  6 ball pythons
  4 frilled lizards (D:1)
  7 kobolds
  6 rats
71 creatures vanquished.

Notes
Turn   | Place    | Note
-------+----------+-------------------------------------------
     0 | D:1      | sampeng1 the Gnoll Cinder Acolyte began the quest for the
                  | Orb.
     0 | D:1      | Reached XP level 1. HP: 23/23 MP: 4/4
   122 | D:1      | Reached XP level 2. HP: 29/29 MP: 5/5
   399 | D:1      | Reached XP level 3. HP: 32/35 MP: 7/7
   619 | D:1      | Found a faded altar of an unknown god.
   917 | D:2      | Reached skill level 1 in Invocations
  1507 | D:3      | Reached skill level 1 in Short Blades
  1507 | D:3      | Reached skill level 1 in Long Blades
  1507 | D:3      | Reached skill level 1 in Maces & Flails
  1507 | D:3      | Reached skill level 1 in Polearms
  1507 | D:3      | Reached skill level 1 in Staves
  1507 | D:3      | Reached skill level 1 in Ranged Weapons
  1507 | D:3      | Reached skill level 1 in Throwing
  1507 | D:3      | Reached skill level 1 in Armour
  1507 | D:3      | Reached skill level 1 in Dodging
  1507 | D:3      | Reached skill level 1 in Stealth
  1507 | D:3      | Reached skill level 1 in Shields
  1507 | D:3      | Reached skill level 1 in Unarmed Combat
  1507 | D:3      | Reached skill level 1 in Evocations
  1737 | D:3      | Reached XP level 4. HP: 41/41 MP: 8/8
  1836 | D:3      | Reached skill level 1 in Shapeshifting
  2295 | D:4      | Reached skill level 1 in Conjurations
  2295 | D:4      | Reached skill level 1 in Hexes
  2295 | D:4      | Reached skill level 1 in Summonings
  2295 | D:4      | Reached skill level 1 in Necromancy
  2295 | D:4      | Reached skill level 1 in Translocations
  2295 | D:4      | Reached skill level 1 in Transmutations
  2295 | D:4      | Reached skill level 1 in Ice Magic
  2295 | D:4      | Reached skill level 1 in Air Magic
  2295 | D:4      | Reached skill level 1 in Earth Magic
  2295 | D:4      | Reached skill level 1 in Poison Magic
  2340 | D:4      | Noticed Natasha
  2352 | D:4      | Killed Natasha
  2353 | D:4      | Reached XP level 5. HP: 47/47 MP: 9/9
  2511 | D:4      | Noticed Natasha
  2523 | D:4      | Killed Natasha
  2702 | D:4      | Noticed Natasha
  2714 | D:4      | Killed Natasha
  2715 | D:4      | Reached XP level 6. HP: 42/53 MP: 9/11
  3343 | D:5      | Entered Level 5 of the Dungeon
  3343 | D:5      | Noticed a water moccasin
  3351 | D:5      | Slain by a water moccasin

Illustrated notes

Levels and vault maps discovered:
D:1:      dpeg_arrival_orchard, layout_basic, basic_ecumenical_altar,
          minmay_octomino_e4
D:2:      layout_basic, kennysheep_minor_cross, roderic_roman_lattice
D:3:      layout_loops_corners
D:4:      layout_basic, uniq_natasha
D:5:      layout_loops_ring, ebering_ghost_sewer_d

Skill      XL: |  1  2  3  4  5  6 |
---------------+-------------------+-----
Invocations    | 1 2 |  2.2
Short Blades   | 1 2 |  2.0
Long Blades    | 1 2 |  2.0
Maces & Flails | 1 2 |  2.0
Polearms       | 1 2 |  2.0
Staves         | 1 2 |  2.0
Ranged Weapons | 1 2 |  2.0
Throwing       | 1 2 |  2.0
Armour         | 1 2 |  2.0
Dodging        | 1 2 |  2.0
Stealth        | 1 2 |  2.0
Shields        | 1 2 |  2.0
Unarmed Combat | 1 2 |  2.0
Evocations     | 1 2 |  2.0
Shapeshifting  | 1 |  1.8
Spellcasting   | 3 |  3.4
Conjurations   | 1 |  1.5
Hexes          | 1 |  1.5
Summonings     | 1 |  1.5
Necromancy     | 1 |  1.5
Translocations | 1 |  1.5
Transmutations | 1 |  1.5
Ice Magic      | 1 |  1.5
Air Magic      | 1 |  1.5
Earth Magic    | 1 |  1.5
Poison Magic   | 1 |  1.5
Fighting       | |  6.8
Axes           | |  6.8
Fire Magic     | |  5.6

Action                     |  1- 3 |  4- 6 || total
---------------------------+-------+-------++-------
  Melee: Hand axe          |   108 |     9 ||   117
         Bite              |     4 |    21 ||    25
         Punch             |     1 |     7 ||     8
         Short sword       |       |   134 ||   134
         Rapier            |       |     4 ||     4
    Use: Potion            |     5 |       ||     5
         Scroll            |     3 |     2 ||     5
   Stab: Sleeping          |     1 |     2 ||     3
 Armour: Robe              |    61 |    92 ||   153
  Dodge: Dodged            |    65 |    94 ||   159

Table legend: (Time is in decaauts)
 A = Elapsed time spent in this place.
 B = Non-inter-level travel time spent in this place.
 C = Inter-level travel time spent in this place.
 D = Time resting spent in this place.
 E = Time spent auto-exploring this place.
 F = Levels seen in this place.
 G = Mean time per level.
                   A        B        C        D        E       F      G
               +--------+--------+--------+--------+--------+-----+--------+
         Total |   3334 |   3241 |     93 |      0 |   2471 |   5 |  666.8 |
       Dungeon |   3334 |   3241 |     93 |      0 |   2471 |   5 |  666.8 |
               +--------+--------+--------+--------+--------+-----+--------+

Top non-repeatable levels by time:
     D:4: 1057 daAuts
     D:3: 872 daAuts
     D:1: 782 daAuts
     D:2: 614 daAuts
     D:5: 7 daAuts
